 Dungeon Crawl Stone Soup version 0.23.2-1-ga50397a6bc (webtiles) character file.

Game seed: 13405180636516020778

61 Menchi the Skirmisher (level 4, 0/44 HPs)
             Began as a Naga Fighter on May 18, 2019.
             Slain by a bat (1 damage)
             ... on level 2 of the Dungeon.
             The game lasted 00:02:23 (1593 turns).

Menchi the Skirmisher (Naga Fighter)                Turns: 1593, Time: 00:02:24

Health: 0/44       AC:  4    Str: 19    XL:     4   Next: 7%
Magic:  4/4        EV:  7    Int:  9    God:
Gold:   47         SH:  0    Dex: 10    Spells: 3/3 levels left

rFire    . . .     SeeInvis +   a - +0 trident
rCold    . . .     Gourm    .   (no shield)
rNeg     . . .     Faith    .   b - +0 scale mail
rPois    +         Spirit   .   (no helmet)
rElec    .         Reflect  .   (no cloak)
rCorr    .         Harm     .   (no gloves)
MR       .....                  (no barding)
Stlth    ..........             (no amulet)
HPRegen  0.14/turn              (no ring)
MPRegen  0.09/turn              (no ring)

@: lethally poisoned (0 -> -3), very slow
A: large, see invisible, deformed body, poison resistance, slowness 2, slow
metabolism 1, spit poison 1, AC +1
a: Spit Poison


You were on level 2 of the Dungeon.
You were not hungry.

You visited 1 branch of the dungeon, and saw 2 of its levels.

You collected 47 gold pieces.

Inventory:

Hand Weapons
 a - a +0 trident (weapon)
Armour
 b - a +0 scale mail (worn)
 c - a +0 shield
Scrolls
 e - a scroll of random uselessness {unknown}
Potions
 d - a potion of might
Comestibles
 f - 3 rations


   Skills:
 * Level 4.0 Fighting
 + Level 2.6 Polearms
 - Level 2.4 Armour
 + Level 1.1 Dodging
 - Level 2.4 Shields


You had 3 spell levels left.
You didn't know any spells.
Your spell library was empty.

Dungeon Overview and Level Annotations

Branches:
Dungeon (2/15)

Altars:


Innate Abilities, Weirdness & Mutations

You cannot wear boots.
Your serpentine skin is tough. (AC +1)
You have supernaturally acute eyesight. (SInv)
Armour fits poorly on your strangely shaped body.
Your system is resistant to poisons. (rPois)
You cover ground very slowly.
You have a slow metabolism.
You can spit poison.


Message History

* * * LOW HITPOINT WARNING * * *
The bat hits you but does no damage.
You closely miss the hobgoblin.
You feel sick. The bat barely misses you.
The hobgoblin hits you with a +0 hand axe.
* * * LOW HITPOINT WARNING * * *
You barely miss the hobgoblin.
* * * LOW HITPOINT WARNING * * *
You feel sick. The bat hits you but does no damage.
The hobgoblin hits you with a +0 hand axe.
* * * LOW HITPOINT WARNING * * *
You puncture the hobgoblin!
You kill the hobgoblin!
The bat hits you but does no damage. The bat barely misses you.
* * * LOW HITPOINT WARNING * * *
You feel sick. The bat barely misses you.
Things that are here:
a +0 hand axe; a hobgoblin corpse
Okay, then.
You closely miss the bat. The bat hits you.
You die...

#. ...... ##'#..... .
#..........? .≈.# #
#..#...........#...# #
#..#...........#(≈.# #
#..#...........#...# #
#..#...#..(....#.≈.####
#....b@......(.#...#...
######...†########≈.≈.≈###
..........##.......≈.≈.# #
#####..).##.####......###
#.#####.# #........) #..#
#.# #.....#### ##.# #.#
#.....# #.# #.# #.....#
#.## #.# #.....#


You could see a bat.

Vanquished Creatures
  An adder (D:2)
  2 worms (D:2)
  2 dart slugs (D:1)
  2 ball pythons
  A bat (D:1)
  6 hobgoblins
  8 jackals (D:1)
  4 frilled lizards
  6 goblins
  2 kobolds (D:1)
  6 rats
40 creatures vanquished.

Notes
Turn   | Place    | Note
-------+----------+-------------------------------------------
     0 | D:1      | Menchi the Naga Fighter began the quest for the Orb.
     0 | D:1      | Reached XP level 1. HP: 21/21 MP: 1/1
    79 | D:1      | Reached XP level 2. HP: 13/28 MP: 2/2
   835 | D:1      | Reached XP level 3. HP: 27/34 MP: 3/3
  1265 | D:2      | Reached skill level 1 in Dodging
  1587 | D:2      | Reached skill level 4 in Fighting
  1587 | D:2      | Reached XP level 4. HP: 18/44 MP: 4/4
  1590 | D:2      | HP: 2/44 [hobgoblin/+0 hand axe (2)]
  1593 | D:2      | Slain by a bat

Skill      XL: |  1  2  3 |
---------------+----------+-----
Dodging        | 1 |  1.1
Fighting       | 4 |  4.0
Polearms       | |  2.6
Armour         | |  2.4
Shields        | |  2.4

Action                   |  1- 3 |  4- 6 || total
-------------------------+-------+-------++-------
Melee: Trident           |   124 |     5 ||   129
 Abil: Spit Poison       |     2 |       ||     2
  Eat: Chunk             |     2 |       ||     2
Armor: Scale mail        |    74 |     4 ||    78
Dodge: Dodged            |    50 |     3 ||    53
Block: Shield            |     1 |       ||     1
